 Dungeon Crawl Stone Soup version 0.16-a0-2669-g4c00d22 (webtiles) character file.

14 Ololoev the Chopper (level 2, -1/16 HPs)
             Began as a Vine Stalker Berserker on Nov 24, 2014.
             Was a Follower of Trog.
             Slain by an adder (3 damage)
             ... on level 2 of the Dungeon.
             The game lasted 00:01:48 (165 turns).

Ololoev the Chopper (Vine Stalker Berserker)         Turns: 165, Time: 00:01:48

Health: -1/16      AC:  2    Str: 19    XL:     2   Next: 41%
Magic:  0/3        EV: 12    Int:  7    God:    Trog [*.....]
Gold:   21         SH:  0    Dex: 13    Spells: 0 memorised, 1 level left

rFire  . . .     SeeInvis +     a - +0 hand axe
rCold  . . .     Clarity  .     b - +0 animal skin
rNeg   . . .     SustAb   .     (no shield)
rPois  .         Gourm    .     (no helmet)
rElec  .         Spirit   +     (no cloak)
rCorr  .         Warding  .     (no gloves)
rMut   .         Stasis   .     (no boots)
MR     .....                    (no amulet)
Stlth  +.........               (no ring)
                                d - ring of see invisible

@: lethally poisoned, exhausted, slowed, very slow, not resistant to hostile
enchantments, very unstealthy
A: fangs 2, regeneration 1, magic shield, antimagic bite, no device heal 3, rot
immunity
a: Burn Spellbooks, Berserk, Renounce Religion


You were on level 2 of the Dungeon.
You worshipped Trog.
Trog was aware of your devotion.
You were not hungry.

You visited 1 branch of the dungeon, and saw 2 of its levels.

You collected 21 gold pieces.

Notes
Turn   | Place    | Note
--------------------------------------------------------------
     0 | D:1      | Ololoev, the Vine Stalker Berserker, began the quest for the Orb.
     0 | D:1      | Reached XP level 1. HP: 11/11 MP: 1/1
    87 | D:1      | Reached skill level 3 in Axes
   138 | D:2      | Reached XP level 2. HP: 15/16 MP: 3/3
   165 | D:2      | Slain by an adder

Inventory:

Hand weapons
 a - a +0 hand axe (weapon)
Armour
 b - a +0 animal skin (worn)
Jewellery
 d - a ring of see invisible (left hand)
Scrolls
 g - a scroll of noise {unknown}
Potions
 e - a potion of curing {unknown}
 f - a potion of haste {unknown}
Comestibles
 c - a bread ration

Table legend:
 A = Turns spent in this place as a percentage of turns spent in the entire game.
 B = Non-inter-level travel turns spent in this place as a percentage of non-inter-level travel turns spent in the entire game.
 C = Inter-level travel turns spent in this place as a percentage of turns spent in this place.
 D = Turns resting spent in this place as a percentage of non-inter-level travel turns spent in this place.
 E = Turns spent auto-exploring this place as a percentage of non-inter-level travel turns spent in this place.
 F = Non-inter-level travel turns spent in this place divided by the number of levels of this place that you've seen.
                   A       B       C       D       E      F
               +-------+-------+-------+-------+-------+----------------------
         Total | 100.0 | 100.0 |   0.0 |   0.0 |   0.0 |  78.5
       Dungeon | 100.0 | 100.0 |   0.0 |   0.0 |   0.0 |  78.5
               +-------+-------+-------+-------+-------+----------------------


   Skills:
 - Level 2.6 Fighting
 * Level 3.2 Axes
 + Level 1.7 Armour
 - Level 1.5 Dodging


You had one spell level left.
You didn't know any spells.

Dungeon Overview and Level Annotations

Branches:
Dungeon (2/15)

Altars:


Innate Abilities, Weirdness & Mutations

You have extremely sharp teeth.
Your natural rate of healing is unusually fast.
When hurt, damage is shared between your health and your magic reserves.
Your bite disrupts and absorbs the magic of your enemies.
Potions and wands cannot restore your health.
You are immune to rotting.


Message History

You have reached level 2!
The goblin shoots a stone.
The stone hits you.
Found 7 gold pieces.
You see here an adder corpse.
You slash the goblin!
You kill the goblin!
Trog accepts your kill.
You offer a prayer to Trog.
The adder corpse is consumed in a column of flame.
Trog is aware of your devotion.
You feel a strong urge to attack something.
Things that are here:
a hunting sling; 15 stones; a goblin corpse You offer a prayer to Trog.
The goblin corpse is consumed in a column of flame.
Trog is aware of your devotion.
You feel your anger subside.
You are no longer berserk.
You pass out from exhaustion.
You feel yourself slow down.
You can move again.
You now have 21 gold pieces (gained 7).
Found a scroll labeled SKIAWU NUAW.
g - a scroll labeled SKIAWU NUAW A giant gecko and an adder come into view.
You hit the adder. You bite the adder. You drain its power.
The adder is heavily wounded.
The adder bites you.
You are poisoned.
The adder poisons you! The adder bites you.
You are more poisoned.
The adder poisons you!
You barely miss the adder. You bite the adder, but do no damage.
The adder is heavily wounded.
You feel sick. The adder bites you. The adder bites you.
You miss the adder.
The adder is heavily wounded.
You feel sick. The adder bites you. The adder closely misses you.
The adder bites you.
You die...

#. ####.#.# ####.
....#.####
.....#######......... #
..................... .#.
...#....##.......... ....
#....##.......... .....
#....##..........
.......##....##.#..#.###.
......lS@............).(.
....#..##....#.......###.
.... #....#.......)...
.... #................
#.# ################.
##8# #. 8...8##.
......##. ......>#.


You could see an adder and a giant gecko.

Table legend:
 A = Kills in this place as a percentage of kills in entire the game.
 B = Kills by you in this place as a percentage of kills by you in the entire game.
 C = Kills by friends in this place as a percentage of kills by friends in the entire game.
 D = Other kills in this place as a percentage of other kills in the entire game.
 E = Experience gained in this place as a percentage of experience gained in the entire game.
 F = Experience gained in this place divided by the number of levels of this place that you have seen.
                   A       B       C       D       E      F
               +-------+-------+-------+-------+-------+----------------------
         Total | 100.0 | 100.0 |  -nan |  -nan | 100.0 |  10.0
       Dungeon | 100.0 | 100.0 |  -nan |  -nan | 100.0 |  10.0
               +-------+-------+-------+-------+-------+----------------------

Vanquished Creatures
  An adder (D:2)
  A hobgoblin (D:1)
  3 goblins
  3 kobolds
8 creatures vanquished.

Action                   || total
-------------------------++-------
Melee: Hand axe          ||    22
Invok: Berserk           ||     1

Vault maps used:
D:1:      dpeg_arrival_line_fractal
D:2:      grunt_dithmenos_smoke_and_mirrors, nicolae_overflow_hidden_temple,
          uniq_robin
